 Dungeon Sprint DCSS version 0.32-a0-433-g08bcfe7efd (webtiles) character file.

Game seed: 11078226047625394190

21540 adelrune the Formicid Aeon (level 13, -4/114 HPs)
             Began as a Formicid Fighter on Feb 22, 2024.
             Was the Champion of Cheibriados.
             Slain by an ettin
             ... wielding a +0 dire flail
              (22 damage)
             ... in the Dungeon (Sprint IX: "|||||||||||||||||||||||||||||").
             The game lasted 00:12:20 (1911 turns).

adelrune the Formicid Aeon (Formicid Fighter)       Turns: 1911, Time: 00:12:20

Health: -4/114     AC: 23    Str: 41    XL:     13   Next: 20%
Magic:  11/26      EV: 18    Int: 24    God:    Cheibriados [******]
Gold:   329        SH: 35    Dex: 30    Spells: 12/12 levels left

rFire   + + .        k - +8 lance "Wyrmbane" {slay drac, rPois rF+ rC+ AC+3}
rCold   + . .        v - +18 shield of the Gong {Loud rN+ Will+ rCorr EV-5}
rNeg    + . .        B - +4 scale mail {Will+}
rPois   +            (helmet unavailable)
rElec   .            l - +0 cloak
rCorr   +            y - +1 pair of gloves {Str+3}
SInv    +            m - +0 pair of boots
Will    +++..        (no amulet)
Stlth   +            u - ring of protection from fire
HPRegen 0.39/turn    x - ring of poison resistance
MPRegen 0.20/turn

%: no passive effects
@: very slow
A: permanent stasis, dig shafts and tunnels, antennae 3, four strong arms
a: Dig, Renounce Religion, Bend Time, Temporal Distortion, Slouch, Step From
Time


You were in the Dungeon.
You worshipped Cheibriados.
Cheibriados was exalted by your worship.
You visited 1 branch You collected 1931 gold pieces.
You spent 1602 gold pieces at shops.

Inventory:

Hand Weapons
 k - the +8 lance "Wyrmbane" (weapon) {slay drac, rPois rF+ rC+ AC+3}
   (You found it in the Dungeon)

   AC+3:      It affects your AC (+3).
   rF+:       It protects you from fire.
   rC+:       It protects you from cold.
   rPois:     It protects you from poison
Armour
 c - a +0 buckler
 l - a +0 cloak (worn)
 m - a +0 pair of boots (worn)
 n - a +1 chain mail
 t - a +0 kite shield
 v - the +18 shield of the Gong (worn) {Loud rN+ Will+ rCorr EV-5}
   (You bought it in a shop in the Dungeon)

   Loud:      It is deafeningly noisy when blocking attacks.
   EV-5:      It affects your evasion (-5).
   rN+:       It protects you from negative energy.
   Will+:     It increases your willpower.
   rCorr:     It protects you from acid and corrosion.
 y - a +1 pair of gloves of strength (worn)
 B - a +4 scale mail of willpower (worn)
Jewellery
 o - a +3 ring of dexterity
 p - a +2 ring of evasion
 u - a ring of protection from fire (left hand)
 x - a ring of poison resistance (right hand)
Wands
 a - a wand of polymorph (11)
 j - a wand of iceblast (10)
 s - a wand of acid (9)
 w - a wand of paralysis (3)
Scrolls
 b - 6 scrolls of enchant armour
 i - 2 scrolls of amnesia
 q - 3 scrolls of fog
 r - 3 scrolls of identify
Potions
 d - a potion of might
 e - 9 potions of curing
 f - 2 potions of heal wounds
 g - 4 potions of magic
 z - a potion of resistance
 A - a potion of mutation


   Skills:
 + Level 14.8 Fighting
 - Level 6.3 Maces & Flails
 - Level 12.6 Polearms
 + Level 14.8 Armour
 + Level 11.9 Dodging
 + Level 16.9 Shields
 * Level 18.8 Invocations


You had 12 spell levels left.
You didn't know any spells.
Your spell library was empty.

Dungeon Overview and Level Annotations

Branches:
Dungeon (1/1)

Altars:
Cheibriados
Dithmenos
Elyvilon
Fedhas
Gozag
Hepliaklqana
Kikubaaqudgha
Makhleb
Nemelex Xobeh
Okawaru
Qazlal
Ru
Sif Muna
Trog
Uskayaw
Vehumet
Wu Jian
Xom
Yredelemnul
Zin
The Shining One
Beogh
Jiyva
Lugonu

Shops:
D [!*(


Innate Abilities, Weirdness & Mutations

You cannot be hasted, slowed, berserked, paralysed or teleported.
You can dig through walls and to a lower floor.
You have a pair of large antennae on your head. (SInv)
Your four strong arms can wield two-handed weapons with a shield.


Message History

The elephant is no longer berserk.
The ettin attacks as it pursues you! You block the ettin's attack.
GONNNNG!
You block the ettin's attack.
GONNNNG!
The polar bear rages.
You block the ettin's attack.
GONNNNG!
The ettin closely misses you.
The sphinx mumbles some strange words.
Something smites you! The ettin attacks as it pursues you!
The ettin misses you. You block the ettin's attack.
GONNNNG!
You block the ettin's attack.
BOUMMMMG!
You block the ettin's attack.
BONNNG!
You see here a +1 helmet.
The elephant disappears in a puff of smoke!
The spriggan berserker is no longer regenerating.
The spriggan berserker is no longer strong-willed.
The spriggan berserker rages.
You block the ettin's attack.
BONNNG!
You block the ettin's attack.
PTOANNNG!
You see here +0 swamp dragon scales.
The ettin attacks as it pursues you! You block the ettin's attack.
PTOANNNG!
You block the ettin's attack.
GONNNNG!
The spriggan berserker rages. x2
You block the ettin's attack.
GONNNNG!
The ettin hits you with a +0 dire flail!!
* * * LOW HITPOINT WARNING * * *
You see here a +1 pair of gloves.
The ettin hits you with a +0 dire flail!!
You die...
Cheibriados appreciates the motionlessness of death.

▓_▓.▓.▓.▓)▓.▓!▓
{
▓_▓.▓.▓.▓)▓.▓.▓
▓_▓.▓.▓.▓.▓.▓)▓
{
▓_▓.▓.▓.▓)▓.▓h▓
{
▓_▓.▓.▓.▓)▓.▓.▓
{
▓_▓.▓÷▓.▓)▓.▓i▓
{
▓_▓.▓.▓.▓)▓.▓H▓
{
▓_▓.▓.▓.▓)▓.▓C▓
{
▓_▓.▓.▓.▓)▓.▓@▓
{
▓_▓.▓.▓.▓'▓.▓.▓
{
▓_▓.▓.▓.▓.▓.▓.▓
{
▓_▓.▓.▓.▓.▓.▓[▓
▓_▓.▓.▓.▓.▓.▓[▓
{
▓_▓.▓.▓.▓.▓.▓.▓
{
▓_▓.▓.▓.▓.▓.▓)▓
{
▓_▓.▓†▓.▓.▓.▓)▓
{
▓_▓.▓.▓.▓)▓.▓)▓
{


You could see a sphinx, an ettin, a spriggan berserker (berserk) and a polar
bear (summoned, berserk).

Vanquished Creatures
  Gastronok (D)
  A frost giant (D)
  A stone giant (D)
  A dire elephant (D)
  A spark wasp (D)
  2 hydras (D)
  A centaur warrior (D)
  Erolcha (D)
  A skyshark (D)
  3 orc knights (D)
  A wolf spider (D)
  A deep elf pyromancer (D)
  2 ugly things (D)
  7 orc sorcerers (D)
  A manticore (D)
  A cyclops (D)
  8 elephants (D)
  2 black mambas (D)
  A cane toad (D)
  A gargoyle (D)
  5 komodo dragons (D)
  A shadow (D)
  A basilisk (D)
  A vampire (D)
  4 water moccasins (D)
  An acid dragon (D)
  9 orc warriors (D)
  A black bear (D)
  A centaur (D)
  A kobold brigand (D)
  A gnoll sergeant (D)
  A bullfrog (D)
  A howler monkey (D)
  4 orc priests (D)
  An iguana (D)
  12 orc wizards (D)
  2 adders (D)
  6 orcs (D)
  An endoplasm (D)
  2 hobgoblins (D)
  A bat (D)
  A kobold (D)
96 creatures vanquished.

Vanquished Creatures (others)
  An occultist (D)
  A cyclops (D)
  A basilisk (D)
3 creatures vanquished.

Grand Total: 99 creatures vanquished

Notes
Turn   | Place    | Note
-------+----------+-------------------------------------------
     0 | D        | adelrune the Formicid Fighter began the quest for the Orb.
     0 | D        | Reached XP level 1. HP: 18/18 MP: 1/1
    14 | D        | Reached skill level 1 in Dodging
    18 | D        | Noticed an iguana
    18 | D        | Noticed a gnoll sergeant
    18 | D        | Noticed a howler monkey
    23 | D        | Killed a howler monkey
    24 | D        | Reached skill level 5 in Shields
    24 | D        | Reached XP level 2. HP: 22/26 MP: 2/2
    24 | D        | Reached XP level 3. HP: 26/31 MP: 3/3
    30 | D        | Reached XP level 4. HP: 34/38 MP: 4/4
    34 | D        | Killed a gnoll sergeant
    35 | D        | Reached skill level 5 in Fighting
    35 | D        | Reached skill level 5 in Maces & Flails
    35 | D        | Reached skill level 5 in Armour
    35 | D        | Reached XP level 5. HP: 30/44 MP: 5/5
   130 | D        | Found a roughly hewn altar of Beogh.
   130 | D        | Found a snail-covered altar of Cheibriados.
   130 | D        | Found a shadowy altar of Dithmenos.
   130 | D        | Found a white marble altar of Elyvilon.
   130 | D        | Found a blossoming altar of Fedhas.
   130 | D        | Found an opulent altar of Gozag.
   131 | D        | Found a hazy altar of Hepliaklqana.
   132 | D        | Found a viscous altar of Jiyva.
   133 | D        | Found an ancient bone altar of Kikubaaqudgha.
   136 | D        | Became a worshipper of Cheibriados the Contemplative
   137 | D        | Found a corrupted altar of Lugonu.
   138 | D        | Found a burning altar of Makhleb.
   139 | D        | Found a sparkling altar of Nemelex Xobeh.
   140 | D        | Found an iron altar of Okawaru.
   141 | D        | Found a stormy altar of Qazlal.
   142 | D        | Found a sacrificial altar of Ru.
   143 | D        | Found a shimmering blue altar of Sif Muna.
   144 | D        | Found a bloodstained altar of Trog.
   145 | D        | Found a hide-covered altar of Uskayaw.
   146 | D        | Found a radiant altar of Vehumet.
   147 | D        | Found an ornate altar of the Wu Jian Council.
   148 | D        | Found a shimmering altar of Xom.
   149 | D        | Found a basalt altar of Yredelemnul.
   150 | D        | Found a glowing silver altar of Zin.
   151 | D        | Found a glowing golden altar of the Shining One.
   159 | D        | Found the +8 lance "Wyrmbane" {slay drac, rPois rF+ rC+
                  | AC+3}
   202 | D        | Noticed a centaur
   202 | D        | Noticed an acid dragon
   202 | D        | Noticed a vampire
   202 | D        | Noticed an orc warrior
   202 | D        | Noticed a kobold brigand
   202 | D        | Noticed an orc warrior
   207 | D        | Killed an orc warrior
   208 | D        | Reached XP level 6. HP: 41/53 MP: 6/6
   210 | D        | Reached * piety under Cheibriados
   220 | D        | Killed an orc warrior
   221 | D        | Reached skill level 5 in Polearms
   221 | D        | Reached skill level 5 in Dodging
   221 | D        | Reached XP level 7. HP: 43/60 MP: 7/7
   222 | D        | Killed a vampire
   226 | D        | Killed an acid dragon
   226 | D        | Reached ** piety under Cheibriados
   320 | D        | Noticed a cyclops
   320 | D        | Noticed a shadow
   320 | D        | Noticed a gargoyle
   320 | D        | Noticed a purple ugly thing
   320 | D        | Noticed a deep elf pyromancer
   329 | D        | Killed a purple ugly thing
   329 | D        | Reached *** piety under Cheibriados
   330 | D        | Reached skill level 4 in Invocations
   330 | D        | Reached XP level 8. HP: 69/69 MP: 4/11
   334 | D        | Killed a gargoyle
   335 | D        | Reached skill level 10 in Shields
   335 | D        | Reached skill level 5 in Invocations
   341 | D        | Killed a deep elf pyromancer
   342 | D        | Reached skill level 6 in Invocations
   342 | D        | Reached XP level 9. HP: 76/76 MP: 5/14
   348 | D        | Killed a cyclops
   349 | D        | Reached skill level 7 in Invocations
   351 | D        | Reached **** piety under Cheibriados
   352 | D        | Reached skill level 8 in Invocations
   512 | D        | Noticed a komodo dragon
   512 | D        | Noticed a komodo dragon
   515 | D        | Noticed a komodo dragon
   522 | D        | Killed a komodo dragon
   523 | D        | Reached skill level 10 in Polearms
   529 | D        | Reached ***** piety under Cheibriados
   530 | D        | Reached skill level 10 in Fighting
   530 | D        | Reached skill level 10 in Armour
   530 | D        | Reached skill level 9 in Invocations
   537 | D        | Reached XP level 10. HP: 74/85 MP: 16/16
   541 | D        | Killed a komodo dragon
   557 | D        | Killed a komodo dragon
   561 | D        | Reached ****** piety under Cheibriados
   562 | D        | Reached skill level 10 in Invocations
   614 | D        | Noticed a cane toad
   614 | D        | Noticed a black mamba
   614 | D        | Noticed an elephant
   614 | D        | Noticed a komodo dragon
   614 | D        | Noticed a skyshark
   617 | D        | Noticed a komodo dragon
   623 | D        | Killed a skyshark
   623 | D        | Killed a black mamba
   624 | D        | Reached skill level 11 in Invocations
   626 | D        | Killed a komodo dragon
   626 | D        | Noticed an eight-headed hydra
   627 | D        | Noticed a black mamba
   633 | D        | Killed an elephant
   639 | D        | Killed a cane toad
   640 | D        | Reached XP level 11. HP: 87/93 MP: 13/19
   649 | D        | Killed an eight-headed hydra
   650 | D        | Reached skill level 12 in Invocations
   712 | D        | Noticed an elephant
   712 | D        | Noticed an elephant
   712 | D        | Noticed a dire elephant
   712 | D        | Noticed an elephant
   712 | D        | Noticed an elephant
   712 | D        | Noticed an elephant
   721 | D        | Noticed an elephant
   722 | D        | Killed an elephant
   740 | D        | Killed a dire elephant
   741 | D        | Reached skill level 13 in Invocations
   745 | D        | Killed an elephant
   757 | D        | Noticed an elephant
   761 | D        | Killed an elephant
   766 | D        | Killed an elephant
   773 | D        | Killed an elephant
   774 | D        | Reached skill level 14 in Invocations
   784 | D        | Killed an elephant
   795 | D        | Killed an elephant
  1124 | D        | Noticed an orc knight
  1124 | D        | Noticed an orc knight
  1134 | D        | Killed an orc knight
  1135 | D        | Reached skill level 10 in Dodging
  1136 | D        | Noticed an orc knight
  1147 | D        | Killed an orc knight
  1148 | D        | Reached skill level 15 in Invocations
  1148 | D        | Reached XP level 12. HP: 94/103 MP: 23/23
  1407 | D        | Found Enafuetie's Weapon Boutique.
  1417 | D        | Reached skill level 15 in Shields
  1418 | D        | Noticed a sun demon
  1423 | D        | Reached skill level 16 in Invocations
  1423 | D        | Found Tiukiung's General Store.
  1431 | D        | Found Piuj's Distillery.
  1435 | D        | Found Ruplofek's Armour Shop.
  1503 | D        | Bought a +0 kite shield for 58 gold pieces
  1503 | D        | Bought a ring of protection from fire for 325 gold pieces
  1503 | D        | Bought a beast talisman for 260 gold pieces
  1520 | D        | Bought the +18 shield of the Gong {Loud rN+ Will+ rCorr
                  | EV-5} for 959 gold pieces
  1520 | D        | Found the +18 shield of the Gong {Loud rN+ Will+ rCorr
                  | EV-5}
  1566 | D        | Noticed Gastronok
  1582 | D        | Noticed Erolcha
  1587 | D        | Killed Gastronok
  1588 | D        | Reached skill level 17 in Invocations
  1599 | D        | Killed Erolcha
  1810 | D        | Noticed a catoblepas
  1810 | D        | Noticed a centaur warrior
  1810 | D        | Noticed a seven-headed hydra
  1828 | D        | Killed a seven-headed hydra
  1829 | D        | Noticed a frost giant
  1836 | D        | Killed a centaur warrior
  1847 | D        | Noticed an occultist
  1852 | D        | Noticed a stone giant
  1860 | D        | Noticed a sphinx
  1860 | D        | Noticed an ettin
  1860 | D        | Noticed a spark wasp
  1866 | D        | Noticed a spriggan berserker
  1869 | D        | Reached skill level 18 in Invocations
  1879 | D        | Killed a stone giant
  1880 | D        | Reached XP level 13. HP: 45/114 MP: 4/26
  1888 | D        | Killed a spark wasp
  1904 | D        | Killed a frost giant
  1911 | D        | Slain by an ettin

Illustrated notes

Levels and vault maps discovered:
D:        linesprint [early_d, line_temple, items_1, d_10, items_2, lair_1,
          lair_end, items_3, orc_1, orc_end, items_4, d_15, swamp_1, shoals_1,
          snake_1, spider_1, d_20, vaults_1, items_5, swamp_end, shoals_end,
          snake_end, spider_end, vaults_end, d_27, items_6, zot_1, zot_end,
          crypt_end, forest_end, elf_end, slime_end, tomb_end, abyss_end,
          pan_hell_end]

Skill      XL: |  1  2  3  4  5  6  7  8  9 10 11 12 |
---------------+-------------------------------------+-----
Dodging        | 2 3 4 5 6 7 8 10 11 | 11.9
Fighting       | 4 5 6 7 8 9 10 11 12 14 | 14.8
Maces & Flails | 4 5 6 |  6.3
Armour         | 4 5 6 7 8 9 10 11 12 14 | 14.8
Shields        | 5 6 7 8 9 10 11 12 14 16 | 16.9
Polearms       | 3 5 8 9 10 12 | 12.6
Invocations    | 4 6 9 11 15 18 | 18.8

Action                     |  1- 3 |  4- 6 |  7- 9 | 10-12 | 13-15 || total
---------------------------+-------+-------+-------+-------+-------++-------
  Melee: Flail             |    19 |     8 |       |       |       ||    27
         Lance             |       |    18 |    67 |   323 |    19 ||   427
 Invoke: Bend Time         |       |       |     1 |       |       ||     1
         Slouch            |       |       |       |     6 |       ||     6
         Step From Time    |       |       |       |     1 |       ||     1
    Use: Potion            |       |       |       |     4 |       ||     4
   Stab: Invisible         |       |       |       |     5 |     1 ||     6
         Petrifying        |       |       |       |     1 |       ||     1
 Armour: Scale mail        |    15 |     5 |       |    32 |     5 ||    57
         Chain mail        |       |     8 |    12 |    53 |       ||    73
  Dodge: Dodged            |    10 |     6 |    20 |   114 |     5 ||   155
  Block: Buckler           |     4 |     3 |     8 |    69 |       ||    84
         Kite shield       |       |       |       |    68 |    48 ||   116

Table legend: (Time is in decaauts)
 A = Elapsed time spent in this place.
 B = Non-inter-level travel time spent in this place.
 C = Inter-level travel time spent in this place.
 D = Time resting spent in this place.
 E = Time spent auto-exploring this place.
 F = Levels seen in this place.
 G = Mean time per level.
                   A        B        C        D        E       F      G
               +--------+--------+--------+--------+--------+-----+--------+
         Total |   2260 |   2260 |      0 |    547 |    549 |   1 | 2260.0 |
       Dungeon |   2260 |   2260 |      0 |    547 |    549 |   1 | 2260.0 |
               +--------+--------+--------+--------+--------+-----+--------+

Top non-repeatable levels by time:
       D: 2260 daAuts
